 Dungeon Crawl Stone Soup version 0.20-a0-286-gae82e34 (webtiles) character file.

64 Junicave the Digger (level 4, 0/24 HPs)
             Began as a Gargoyle Earth Elementalist on Dec 14, 2016.
             Slain by an ice beast (9 damage)
             ... on level 3 of the Dungeon.
             The game lasted 00:09:59 (3222 turns).

Junicave the Digger (Gargoyle Earth Elementalist)   Turns: 3222, Time: 00:10:00

Health: 0/24       AC:  5    Str: 11    XL:     4   Next: 12%
Magic:  1/8        EV: 12    Int: 17    God:
Gold:   112        SH:  0    Dex: 10    Spells: 5/9 levels left

rFire  . . .     SeeInvis .     g - +0 mace
rCold  . . .     Gourm    .     n - +0 robe
rNeg   + . .     Faith    .     (no shield)
rPois  ∞         Spirit   .     (no helmet)
rElec  +         Reflect  .     (no cloak)
rCorr  .         Harm     .     (no gloves)
MR     .....                    (no boots)
Stlth  ++........               (no amulet)
                                (no ring)
                                (no ring)

@: very slightly contaminated
A: negative energy resistance 1, electricity resistance, unbreathing,
petrification resistance, rot immunity, AC +3
a: no special abilities


You were on level 3 of the Dungeon.
You were near starving.

You visited 1 branch of the dungeon, and saw 3 of its levels.

You collected 112 gold pieces.

Inventory:

Hand Weapons
 g - a +0 mace (weapon)
 h - a +0 short sword
 t - a cursed -2 dagger
Missiles
 b - 76 stones (quivered)
Armour
 a - a +0 shield
 c - a +0 robe
 n - a +0 robe (worn)
 u - a +0 shield
Rods
 p - a +0 lightning rod (11/11)
   (You found it on level 2 of the Dungeon)
Scrolls
 i - a scroll of noise {unknown}
 k - a scroll of blinking {unknown}
 l - a scroll of random uselessness {unknown}
 m - a scroll of recharging {unknown}
 r - a scroll of identify {unknown}
 s - 2 scrolls of teleportation {unknown}
 v - a scroll of enchant weapon {unknown}
Potions
 j - a potion of might {unknown}
 o - a potion of brilliance {unknown}
 q - a potion of degeneration {unknown}
Books
 e - a book of Geomancy

   Spells                             Type                      Level
   a - Sandblast                      Earth                        1
   b - Passwall                       Transmutation/Earth          2
   c - Stone Arrow                    Conjuration/Earth            3
   d - Petrify                        Transmutation/Earth          4
   e - Lee's Rapid Deconstruction     Earth                        5
Comestibles
 d - 2 bread rations
 f - a meat ration


   Skills:
 - Level 1.5 Dodging
 - Level 2.1 Stealth
 * Level 3.1 Spellcasting
 + Level 0.9 Conjurations
   Level 0.7 Transmutations
 + Level 4.6 Earth Magic


You had 5 spell levels left.
You knew the following spells:

 Your Spells              Type           Power        Failure   Level  Hunger
a - Sandblast             Erth           ###...       2%          1    None
b - Stone Arrow           Conj/Erth      ##....       17%         3    ###....


Dungeon Overview and Level Annotations

Branches:
Dungeon (3/15)

Altars:


Innate Abilities, Weirdness & Mutations

You are resistant to torment.
Your stone body is resilient. (AC +3)
You are immune to poison.
You resist negative energy. (rN+)
You are resistant to electric shocks. (rElec)
You can survive without breathing.
You are immune to petrification.
You are immune to rotting.


Message History

Aiming: Stone Arrow
Press: ? - help, Shift-Dir - straight line, f/p - ice beast
Aim: an ice beast You miscast Stone Arrow.
You are very lightly contaminated with residual magic.
Your skin tingles.
The ice beast hits you but does no damage.
Casting: Stone Arrow
Confirm with . or Enter, or press ? or * to list all spells.
You don't have enough magic to cast that spell.
Casting: Stone Arrow
Confirm with . or Enter, or press ? or * to list all spells.
Aiming: Sandblast
Press: ? - help, Shift-Dir - straight line, f/p - ice beast
Aim: an ice beast The blast of sand hits the ice beast.
The ice beast hits you. The ice beast freezes you.
You barely miss the ice beast. The ice beast closely misses you.
The ice beast hits you. The ice beast freezes you!
You die...

......# ......# ......#
......# ......####
#......# #......# ###
###......###########.#.#
..'.......)....Y@.)..#.#
.##......###########'#.#
#......# #...........#
#......# #...........# .
######## #.....>.....#
.# ########...........#
.# #.....##########'#.#
.# #.###.# #.#.#### .#
#.# #.##########.#.....


You could see an ice beast.

Vanquished Creatures
  2 adders
  A worm (D:2)
  A dart slug (D:1)
  A leopard gecko (D:2)
  2 giant cockroaches
  9 goblins
  8 hobgoblins
  3 bats
  2 frilled lizards (D:2)
  A giant cockroach zombie (D:1)
  2 kobolds
  A leopard gecko zombie (D:1)
  6 rats
39 creatures vanquished.

Notes
Turn   | Place    | Note
-------+----------+-------------------------------------------
     0 | D:1      | Junicave the Gargoyle Earth Elementalist began the quest for the Orb.
     0 | D:1      | Reached XP level 1. HP: 10/10 MP: 3/3
   267 | D:1      | Reached skill level 4 in Earth Magic
   267 | D:1      | Reached XP level 2. HP: 9/15 MP: 0/5
  1470 | D:1      | Reached XP level 3. HP: 19/19 MP: 1/7
  1738 | D:1      | Learned a level 3 spell: Stone Arrow
  3175 | D:3      | Reached XP level 4. HP: 14/24 MP: 8/8
  3186 | D:3      | Noticed an ice beast
  3222 | D:3      | Slain by an ice beast

Vault maps used:
D:1:      saegor_arrival_fortress, minmay_tetromino_s2
D:2:      cheibrodos_greedy_goblins, minmay_misc_feat_nine_boxes
D:3:      first_bread

Skill      XL: |  1  2  3 |
---------------+----------+-----
Earth Magic    | 4 |  4.6
Spellcasting   | 3 |  3.1
Dodging        | |  1.5
Stealth        | |  2.1
Conjurations   | |  0.9
Transmutations | |  0.7

Action                   |  1- 3 |  4- 6 || total
-------------------------+-------+-------++-------
Melee: Mace              |    86 |     3 ||    89
       Unarmed           |     3 |       ||     3
 Cast: Sandblast         |    29 |     1 ||    30
       Stone Arrow       |       |     1 ||     1
 Stab: Sleeping          |     3 |       ||     3
  Eat: Chunk             |     5 |     1 ||     6
Armor: Robe              |    37 |     3 ||    40
Dodge: Dodged            |    78 |     3 ||    81
Block: Shield            |    16 |     1 ||    17
